 Dungeon Crawl Stone Soup version 0.26-a0-1060-g086102a3f0 (webtiles) character file.

Game seed: 8197827047014769481

200780 sokol815 the Fetichist (level 17, -16/156 HPs)
             Began as a Green Draconian Fighter on Dec 14, 2020.
             Was the Champion of Wu Jian.
             Killed from afar by Jorgrun (52 damage)
             ... with an iron shot
             ... on level 3 of the Lair of Beasts.
             The game lasted 02:10:30 (47643 turns).

sokol815 the Fetichist (Green Draconian Fighter)   Turns: 47643, Time: 02:10:30

Health: -16/156    AC: 22    Str: 28    XL:     17   Next: 89%
Magic:  26/26      EV: 15    Int: 14    God:    Wu Jian [******]
Gold:   2544       SH: 14    Dex: 14    Spells: 16/16 levels left

rFire    + + .     SeeInvis .   a - +3 Elemental Staff {rElec rF++ rC++ Will++ AC+5}
rCold    + + +     Faith    .   s - +1 kite shield
rNeg     + . .     Spirit   .   (armour unavailable)
rPois    +         Reflect  .   u - +2 hat
rElec    +         Harm     .   M - +2 cloak
rCorr    .         Rampage  .   P - +1 pair of gloves of Jeschis {Str+9}
Will     +++..                  R - +0 pair of boots
Stlth    ++++......             G - amulet of magic regeneration
HPRegen  0.36/turn              z - ring of positive energy
MPRegen  0.45/turn              h - ring "Lurphauc" {rC+ MP+9 Stlth+}

@: grasped by roots, constricted
A: breathe noxious fumes, unfitting armour, stinger 2, agile 1, poison
resistance, cold-blooded, AC +9
}: 1/15 runes: decaying
a: Breathe Noxious Fumes, Wall Jump, Serpent's Lash, Heavenly Storm, Renounce
Religion


You were on level 3 of the Lair of Beasts.
You worshipped Wu Jian.
Wu Jian was exalted by your worship.
You visited 5 branches of the dungeon, and saw 28 of its levels.
You also visited: Bailey and Ice Cave.

You collected 3716 gold pieces.
You spent 1172 gold pieces at shops.

Inventory:

Hand Weapons
 a - the +3 Elemental Staff (weapon) {rElec rF++ rC++ Will++ AC+5}
   (You acquired it on level 10 of the Dungeon)

   It affects your AC (+5).
   It greatly protects you from fire.
   It greatly protects you from cold.
   It insulates you from electricity.
   It affects your willpower, your defense against some magical effects.
 b - a +6 dagger of draining
 c - a +3 scimitar of flaming
 k - the +6 hand crossbow of Slime {freeze, Str+3 Dex+7}
   (You found it on level 12 of the Dungeon)

   It causes projectiles fired from it to freeze those they strike, causing
   extra injury to most foes and up to half again as much damage against
   particularly susceptible opponents.
   They can also slow down cold-blooded creatures.
   It affects your strength (+3).
   It affects your dexterity (+7).
 Q - a +0 fustibalus
Missiles
 d - 215 sling bullets
 n - 3 throwing nets
 K - 93 boomerangs
 U - 6 javelins
Armour
 j - a +2 tower shield
 s - a +1 kite shield (worn)
 u - a +2 hat (worn)
 M - a +2 cloak (worn)
 P - the +1 pair of gloves of Jeschis (worn) {Str+9}
   (You bought it in a shop on level 2 of the Orcish Mines)

   It affects your strength (+9).
 R - a +0 pair of boots (worn)
Jewellery
 g - the ring of Wisdom {rC+ Str+3 Int-5 Dex+6}
   (You took it off a deep elf mage on level 11 of the Dungeon)

   [ring of dexterity]

   It affects your strength (+3).
   It affects your intelligence (-5).
   It affects your dexterity (+6).
   It protects you from cold.
 h - the ring "Lurphauc" (right hand) {rC+ MP+9 Stlth+}
   (You found it on level 15 of the Dungeon)

   [ring of stealth]

   It protects you from cold.
   It affects your magic capacity (+9).
   It makes you more stealthy.
 z - a ring of positive energy (left hand)
 G - an amulet of magic regeneration (around neck)
 I - the ring of Zyromab {+Fly MP+9}
   (You found it on level 5 of the Dungeon)

   [ring of flight]

   It affects your magic capacity (+9).
   It lets you fly.
Wands
 l - a wand of paralysis (5)
 o - a wand of enslavement (44)
 C - a wand of flame (53)
 N - a wand of iceblast (59)
 O - a wand of disintegration (43)
Scrolls
 e - a scroll of summoning
 f - 7 scrolls of fear
 i - 2 scrolls of enchant armour
 m - a scroll of blinking
 q - a scroll of immolation
 v - 3 scrolls of magic mapping
 y - 6 scrolls of amnesia
 A - 5 scrolls of fog
 H - 19 scrolls of remove curse
 W - 5 scrolls of teleportation
Potions
 p - 5 potions of attraction
 r - 4 potions of cancellation
 t - 2 potions of might
 w - 6 potions of curing
 x - 3 potions of haste
 E - 2 potions of mutation
 F - 6 potions of flight
 J - 3 potions of invisibility
 L - a potion of brilliance
 S - 6 potions of lignification
 T - 5 potions of heal wounds
 V - a potion of resistance
 Y - 8 potions of ambrosia
Miscellaneous
 B - a tin of tremorstones (2/2)
 D - a condenser vane (inert)
 X - a phantom mirror
 Z - a box of beasts


   Skills:
 + Level 15.2 Fighting
 - Level 5.6(10.0) Short Blades
 - Level 12.6(13.0) Long Blades
 - Level 12.0 Staves
 + Level 10.7 Dodging
 - Level 4.0 Stealth
 + Level 10.1 Shields
 - Level 18.0 Evocations


You had 16 spell levels left.
You didn't know any spells.
Your spell library contained the following spells:

 Spells                   Type           Power        Failure   Level
 Animate Skeleton         Necr           #.....       47%         1
 Apportation              Tloc           #.....       47%         1
 Corona                   Hex            #......      47%         1
 Foxfire                  Conj/Fire      #...         47%         1
 Freeze                   Ice            #...         47%         1
 Sting                    Tmut/Pois      #...         47%         1
 Summon Small Mammal      Summ           #...         47%         1
 Poisonous Vapours        Pois/Air       #.....       63%         2
 Conjure Flame            Conj/Fire      #.......     85%         3
 Frozen Ramparts          Ice            #.....       85%         3
 Ignite Poison            Fire/Tmut/Pois #.......     85%         3
 Inner Flame              Hex/Fire       #.......     85%         3
 Mephitic Cloud           Conj/Pois/Air  #.......     85%         3
 Ozocubu's Armour         Ice            #.......     85%         3
 Hailstorm                Conj/Ice       #.......     99%         4
 Ice Form                 Ice/Tmut       #.......     99%         4
 Olgreb's Toxic Radiance  Pois           #.......     99%         4
 Sticky Flame             Conj/Fire      #.......     99%         4
 Summon Ice Beast         Ice/Summ       #.......     99%         4
 Fireball                 Conj/Fire      #.........   100%        5
 Metabolic Englaciation   Hex/Ice        #.........   100%        5
 Freezing Cloud           Conj/Ice/Air   #.........   100%        6
 Ozocubu's Refrigeration  Ice            #.........   100%        6
 Simulacrum               Ice/Necr       #.........   100%        6


Dungeon Overview and Level Annotations

Branches:
Dungeon (15/15)            Temple (0/1) D:7            Lair (6/6) D:9
  Swamp (4/4) Lair:4       Spider (1/4) Lair:3        Slime (0/5) Lair:5
    Orc (2/2) D:11            Elf (0/3) Orc:2        Vaults (0/5) D:13
 Depths (0/5) D:15         Bailey (visited)           IceCv (visited)

Altars:
Ashenzari
Cheibriados
Makhleb
Okawaru
Ru
Sif Muna
Wu Jian
Xom
Beogh

Shops:
D:8 [   D:11 [   D:15 *   Orc:2 [}[!

Annotations:
Lair:3 Jorgrun
Lair:6 3 runed translucent doors, CozyGlow's ghost, journeyman DsNe; pkoi's ghost, journeyman MiFi; sokol815's ghost, journeyman DsFi


Innate Abilities, Weirdness & Mutations

You can breathe blasts of noxious fumes.
Your lurid green scales are hard. (AC +9)
You cannot fit into any form of body armour.
Your tail ends in a sharp poisonous barb.
Your system is resistant to poisons. (rPois)
You are cold-blooded and may be slowed by cold attacks.
You are agile. (Dex +2)


Message History

Jorgrun gestures at you while chanting.
The wall shatters!
The blast of rock fragments hits you!
* * * LOW HITPOINT WARNING * * *
x2 The grasping roots constrict you.
You closely miss Jorgrun.
Jorgrun is severely wounded.
Jorgrun hits you but does no damage.
* * * LOW HITPOINT WARNING * * *
The grasping roots constrict you!
Unknown command.
You feel much better. You block Jorgrun's attack.
* * * LOW HITPOINT WARNING * * *
The grasping roots constrict you.
You sock Jorgrun! You freeze Jorgrun!
Jorgrun is almost dead.
You hit Jorgrun. You crush Jorgrun!
Jorgrun is almost dead.
Jorgrun points at you and mumbles some strange words.
The iron shot hits you!!!
You die...

.............## #....# #.....#.
#.............# ###...# ##.....#
#.............####....## ##...###
.............#.....#...###....#
#........................##>..##
P............#.......##........#
#............#.##.#..###......##
#..............##...#.##.......#
#...............@g††..#...P...##
#..................>...........##
#............#..##...............
#..............##.#.#.##.........
...............##....###.........
#.######.###....##....#...###.#..
### ### .#.............#####.#
###..........P##.# ###
#..####....P#####


You could see Jorgrun.

Vanquished Creatures
  the Lernaean hydra (Swamp:4)
  Kirke (D:15)
  Frances (D:11)
  Gastronok (Lair:2)
  2 orc warlords
  An emperor scorpion (Lair:3)
  A war gargoyle (D:13)
  A very ugly thing (D:13)
  Nessos (D:13)
  Azrael (D:13)
  3 bunyips
  A dire elephant (Lair:4)
  Snorg (D:13)
  3 eleionomae (Swamp:1)
  An ettin (Orc:1)
  Josephine (D:13)
  A fire dragon (D:15)
  Erolcha (D:9)
  An ogre mage (D:11)
  4 vault guards (D:13)
  24 hydras
  4 catoblepae
  4 boulder beetles
  An ice dragon (D:15)
  Erica (Lair:1)
  5 two-headed ogres
  A death knight (D:13)
  A ghost crab (Swamp:4)
  4 centaur warriors
  5 tengu warriors
  12 alligators
  20 death yaks
  Urug (Lair:2)
  2 deep elf knights (D:13)
  4 goliath frogs
  An iron troll (D:13)
  2 spriggan druids (Swamp:2)
  A deep troll (D:13)
  10 swamp dragons
  7 unseen horrors
  A wizard (D:11)
  5 bog bodies
  2 lindwurms (Lair:6)
  4 orc knights
  A necromancer (IceCv)
  4 deep elf magi
  2 oklob plants (Lair:3)
  A shining eye (shapeshifter) (D:13)
  4 wolf spiders (Lair:3)
  10 ugly things
  9 orc sorcerers
  A salamander (D:15)
  2 cyclopes
  3 manticores
  35 elephants
  2 mana vipers (D:15)
  5 centaur zombies
  2 will-o-the-wisps
  Maurice (D:9)
  An ice statue (IceCv)
  2 torpor snails
  3 gargoyles
  7 black mambas
  Maggie (D:7)
  10 cane toads
  A yaktaur (D:15)
  6 rime drakes
  12 komodo dragons
  A tengu conjurer (D:13)
  2 efreet
  10 freezing wraiths (IceCv)
  A queen bee (Lair:2)
  3 polar bears
  A bloated husk (Swamp:1)
  5 hornets
  16 trolls
  6 tyrant leeches
  4 slime creatures (D:12)
  15 blink frogs
  15 dream sheep
  The ghost of sokol815 the Changer, an amateur OpTm (D:4)
  2 shadows
  A vampire (D:12)
  4 redbacks (Lair:3)
  4 spriggans
  3 water elementals (D:13)
  5 tarantellas (Lair:3)
  8 wraiths
  6 wyverns
  64 yaks
  A steam dragon (Lair:3)
  2 fire elementals (D:12)
  Eustachio (D:4)
  3 hogs (D:15)
  2 humans (D:13)
  8 vampire mosquitoes
  2 death yak simulacra (IceCv)
  5 basilisks
  Menkaure (D:6)
  17 swamp worms
  A naga (D:15)
  11 wargs
  4 acid dragons
  The ghost of stormannn the Ducker, an amateur DEVM (D:3)
  15 water moccasins
  6 hell hounds
  A hornet zombie (D:14)
  10 swamp drakes
  28 orc warriors
  4 sky beasts
  6 black bears
  13 ice beasts
  An eye of draining (D:12)
  3 necrophages
  3 phantoms
  5 wolves
  12 ogres
  13 centaurs
  21 bullfrogs
  A big kobold (D:13)
  10 scorpions
  2 wyvern skeletons
  A water moccasin skeleton (D:6)
  29 killer bees
  An elephant simulacrum (IceCv)
  9 wights
  An electric eel (D:13)
  4 bullfrog zombies
  6 draconian simulacra (IceCv)
  A quasit (D:7)
  6 hounds
  9 jellies
  38 orc wizards
  3 bullfrog skeletons
  9 orc priests
  Jessica (D:3)
  7 centaur skeletons
  6 iguanas
  Ijyb (D:3)
  Terence (D:3)
  Natasha (thrice) (D:3)
  5 troll simulacra (IceCv)
  3 spriggan simulacra (IceCv)
  11 worker ants
  A wolf simulacrum (IceCv)
  A killer bee zombie (D:7)
  2 centaur simulacra (IceCv)
  A hound zombie (D:11)
  Robin (D:3)
  8 gnolls
  A howler monkey zombie (D:7)
  10 adders
  3 howler monkey skeletons
  3 naga simulacra (IceCv)
  An ogre simulacrum (IceCv)
  2 shadow imps
  14 white imps
  A worker ant simulacrum (D:4)
  An ufetubus (D:7)
  3 oozes (Lair:5)
  3 worms
  3 dart slugs (D:1)
  An adder simulacrum (D:4)
  5 leopard geckos
  108 orcs
  2 ball pythons
  5 giant cockroaches
  18 hobgoblins
  7 jackals
  24 kobolds
  6 quokkas
  A ball python skeleton (D:6)
  4 bats
  A giant cockroach simulacrum (D:4)
  18 goblins
  A leopard gecko zombie (D:7)
  2 quokka simulacra (D:4)
  A quokka skeleton (D:8)
  4 rats (D:1)
1087 creatures vanquished.

Vanquished Creatures (collateral kills)
  A scorpion (Lair:2)
  2 killer bees (Lair:2)
3 creatures vanquished.

Vanquished Creatures (others)
  A swamp dragon (Swamp:2)
  A cane toad (Lair:5)
  4 bloated husks
  A yak (Lair:5)
  A bullfrog (Lair:5)
  3 killer bees (Lair:2)
  An orc wizard (Orc:2)
  2 kobolds (D:13)
  A bush (Lair:4)
  12 foxfires (Swamp:1)
  115 fungi
  134 plants
  4 withered plants (Lair:6)
280 creatures vanquished.

Grand Total: 1370 creatures vanquished

Notes
Turn   | Place    | Note
-------+----------+-------------------------------------------
     0 | D:1      | sokol815 the Draconian Fighter began the quest for the Orb.
     0 | D:1      | Reached XP level 1. HP: 19/19 MP: 1/1
   419 | D:1      | Reached XP level 2. HP: 26/26 MP: 2/2
   824 | D:1      | Reached XP level 3. HP: 33/33 MP: 3/3
  1066 | D:2      | Found a burning altar of Makhleb.
  1184 | D:2      | You fall into a shaft and drop 1 floor!
  1413 | D:3      | Reached XP level 4. HP: 29/40 MP: 4/4
  1628 | D:3      | Noticed Ijyb
  1638 | D:3      | Paralysed by Ijyb for 5 turns
  1646 | D:3      | Paralysed by Ijyb for 2 turns
  1650 | D:3      | Paralysed by Ijyb for 5 turns
  1658 | D:3      | Killed Ijyb
  1951 | D:3      | Reached XP level 5. HP: 39/47 MP: 5/5
  2064 | D:3      | Identified the cursed +0 helmet "Paohis" {Str+4 Int+9
                  | Slay+3}
  2064 | D:3      | Noticed Robin
  2071 | D:3      | Killed Robin
  2199 | D:3      | Noticed Jessica
  2199 | D:3      | Noticed Natasha
  2199 | D:3      | Noticed Terence
  2212 | D:3      | Killed Natasha
  2214 | D:3      | Killed Jessica
  2215 | D:3      | Reached skill level 5 in Long Blades
  2221 | D:3      | Killed Terence
  2379 | D:3      | Noticed stormannn's ghost (amateur DEVM)
  2385 | D:3      | Found a runed translucent door.
  2449 | D:2      | Reached skill level 5 in Fighting
  2706 | D:2      | Reached XP level 6. HP: 54/56 MP: 6/6
  2767 | D:3      | Noticed Natasha
  2771 | D:3      | Killed Natasha
  3020 | D:4      | Noticed an ice beast
  3021 | D:4      | Noticed sokol815's ghost (amateur OpTm)
  3058 | D:4      | Found a runed translucent gate.
  3058 | D:4      | Found a runed translucent gate.
  3058 | D:4      | Found a runed translucent gate.
  3115 | D:3      | Noticed Natasha
  3131 | D:3      | Killed Natasha
  3691 | D:4      | Your scales start taking on a lurid green colour.
  3691 | D:4      | Reached XP level 7. HP: 59/62 MP: 7/7
  3691 | D:4      | Gained mutation: Your system is resistant to poisons.
                  | (rPois) [Green Draconian growth]
  3964 | D:4      | Noticed Eustachio
  4007 | D:4      | Killed Eustachio
  4382 | D:5      | Entered Level 5 of the Dungeon
  4390 | D:5      | Got a shimmering bone ring
  4392 | D:5      | Identified the ring of Zyromab {+Fly MP+9} (You found it on
                  | level 5 of the Dungeon)
  4696 | D:5      | Reached skill level 1 in Stealth
  4987 | D:5      | Reached XP level 8. HP: 71/71 MP: 8/8
  5564 | D:6      | Found a snail-covered altar of Cheibriados.
  5720 | D:6      | Noticed Menkaure
  5728 | D:6      | Killed Menkaure
  5899 | D:6      | Found an ornate altar of the Wu Jian Council.
  5902 | D:6      | Found a broken altar of Ashenzari.
  5905 | D:6      | Found a shimmering blue altar of Sif Muna.
  5972 | D:6      | Became a worshipper of the Wu Jian Council
  6191 | D:7      | Noticed Maggie
  6194 | D:7      | Killed Maggie
  6195 | D:7      | Reached XP level 9. HP: 80/80 MP: 9/9
  6244 | D:7      | Found a staircase to the Ecumenical Temple.
  6709 | D:7      | Reached skill level 10 in Long Blades
  7038 | D:7      | Reached * piety under Wu Jian
  7681 | D:8      | Noticed a two-headed ogre
  7694 | D:8      | Killed a two-headed ogre
  7695 | D:8      | Reached XP level 10. HP: 71/90 MP: 10/10
  7800 | D:8      | Noticed a two-headed ogre
  7811 | D:8      | Killed a two-headed ogre
  8163 | D:8      | Found a shimmering altar of Xom.
  8164 | D:8      | Found an iron altar of Okawaru.
  8239 | D:8      | Found Heucaorgh's Armour Emporium.
  8785 | D:9      | Reached skill level 1 in Short Blades
  8790 | D:9      | Found a sacrificial altar of Ru.
  8841 | D:9      | Reached skill level 10 in Fighting
  9000 | D:9      | Found a flagged portal.
  9010 | Bailey   | Entered a bailey
  9016 | Bailey   | Noticed an orc knight
  9027 | Bailey   | Identified the cursed +1 shadow dragon scales of Etykhlae
                  | {Will+ Dex+7 Stlth++++}
  9038 | Bailey   | Reached ** piety under Wu Jian
  9151 | Bailey   | Killed an orc knight
  9602 | D:9      | Noticed Erolcha
  9613 | D:9      | Killed Erolcha
  9725 | D:9      | Found a staircase to the Lair.
  9728 | D:9      | Reached skill level 5 in Short Blades
  9780 | D:9      | Reached *** piety under Wu Jian
  9781 | D:9      | Reached XP level 11. HP: 100/100 MP: 11/11
  9875 | D:9      | Noticed Maurice
  9886 | D:9      | Killed Maurice
 10175 | D:10     | Entered Level 10 of the Dungeon
 11282 | D:10     | Identified a scroll of acquirement
 11282 | D:10     | Acquired the +3 Elemental Staff {rElec rF++ rC++ Will++
                  | AC+5}
 11283 | D:10     | Found the +3 Elemental Staff {rElec rF++ rC++ Will++ AC+5}
 11353 | Lair:1   | Entered Level 1 of the Lair of Beasts
 11369 | Lair:1   | HP: 3/101 [blink frog (12)]
 11868 | D:9      | Reached skill level 1 in Staves
 12401 | Lair:1   | Reached **** piety under Wu Jian
 12409 | Lair:1   | Reached skill level 1 in Evocations
 12798 | Lair:1   | Noticed a six-headed hydra
 12832 | Lair:1   | Killed a one-headed hydra
 12833 | Lair:1   | Reached skill level 2 in Evocations
 13130 | Lair:1   | Noticed Erica
 13178 | Lair:1   | Killed Erica
 13189 | Lair:1   | Reached skill level 3 in Evocations
 14377 | Lair:2   | Noticed Gastronok
 14377 | Lair:2   | Noticed a six-headed hydra
 14381 | Lair:2   | Killed a five-headed hydra
 14382 | Lair:2   | Reached skill level 5 in Staves
 14488 | Lair:2   | You fall into a shaft and drop 1 floor!
 14537 | Lair:3   | Reached skill level 4 in Evocations
 14675 | Lair:3   | Reached XP level 12. HP: 95/111 MP: 12/12
 14769 | Lair:2   | Noticed a six-headed hydra
 14802 | Lair:2   | Noticed Urug
 14810 | Lair:2   | Killed a one-headed hydra
 14812 | Lair:2   | HP: 1/111 [killer bee (12)]
 15253 | Lair:1   | Reached skill level 5 in Evocations
 15323 | Lair:2   | Killed Urug
 15573 | Lair:2   | Reached skill level 5 in Dodging
 16013 | Lair:2   | Killed Gastronok
 16014 | Lair:2   | Reached skill level 6 in Evocations
 16851 | Lair:3   | Noticed a boulder beetle
 16855 | Lair:3   | Found a hole to the Spider Nest.
 17069 | Lair:3   | Killed a boulder beetle
 17095 | Lair:3   | Reached skill level 7 in Evocations
 17916 | Lair:4   | Noticed a death yak
 17916 | Lair:4   | Noticed a death yak
 17916 | Lair:4   | Noticed a death yak
 17916 | Lair:4   | Noticed a death yak
 17916 | Lair:4   | Noticed a death yak
 17919 | Lair:4   | Noticed a death yak
 17941 | Lair:3   | Killed a death yak
 18166 | Lair:4   | Reached XP level 13. HP: 95/118 MP: 13/13
 18368 | Lair:4   | Reached skill level 8 in Evocations
 18374 | Lair:4   | Reached ***** piety under Wu Jian
 18980 | Lair:4   | Found a staircase to the Swamp.
 19431 | Lair:3   | Reached skill level 9 in Evocations
 20007 | Lair:4   | Noticed a dire elephant
 20118 | Lair:3   | Reached skill level 10 in Staves
 20353 | Lair:4   | Killed a dire elephant
 20669 | Lair:4   | Reached skill level 10 in Evocations
 22560 | Lair:5   | Reached skill level 11 in Evocations
 22577 | Lair:5   | Gained mutation: Your tail ends in a poisonous barb. [Green
                  | Draconian growth]
 22577 | Lair:5   | Reached XP level 14. HP: 68/126 MP: 14/14
 22813 | Lair:5   | Found a staircase to the Slime Pits.
 22956 | Lair:5   | You fall into a shaft and drop 1 floor!
 22956 | Lair:6   | Entered Level 6 of the Lair of Beasts
 23289 | Lair:5   | Gained mutation: You are agile. (Dex +2) [potion of
                  | mutation]
 23289 | Lair:5   | Gained mutation: Your tail ends in a sharp poisonous barb.
                  | [potion of mutation]
 23936 | Lair:6   | Reached skill level 12 in Evocations
 24482 | Lair:6   | Reached skill level 13 in Evocations
 24639 | Lair:6   | Reached ****** piety under Wu Jian
 24939 | Lair:6   | Found a runed translucent gate.
 24939 | Lair:6   | Found a runed translucent gate.
 24939 | Lair:6   | Found a runed translucent gate.
 25263 | Lair:6   | Reached skill level 14 in Evocations
 25616 | Lair:6   | Noticed pkoi's ghost (journeyman MiFi)
 25616 | Lair:6   | Noticed CozyGlow's ghost (journeyman DsNe)
 25617 | Lair:6   | Noticed sokol815's ghost (journeyman DsFi)
 26086 | Lair:6   | Reached XP level 15. HP: 104/132 MP: 15/15
 26772 | Lair:3   | Reached skill level 15 in Evocations
 27256 | D:4      | Killed sokol815's ghost
 27358 | D:3      | Killed stormannn's ghost
 27666 | Swamp:1  | Entered Level 1 of the Swamp
 27785 | D:11     | Found Xankonau's Antique Armour Emporium.
 27820 | D:11     | Found a staircase to the Orcish Mines.
 28183 | D:11     | Found a runed translucent door.
 28184 | D:11     | Found a runed translucent door.
 28432 | D:11     | Identified the ring of Wisdom {rC+ Str+3 Int-5 Dex+6}
 28619 | D:11     | Found a runed translucent door.
 28621 | D:11     | Found a runed translucent door.
 28623 | D:11     | Found a runed translucent door.
 28961 | D:12     | Noticed Frances
 29259 | D:11     | Killed Frances
 30103 | D:12     | Got a transparent hand crossbow
 30116 | D:12     | Identified the +6 hand crossbow of Slime {freeze, Str+3
                  | Dex+7} (You found it on level 12 of the Dungeon)
 30858 | D:13     | Noticed Azrael
 30874 | D:12     | Reached skill level 5 in Shields
 31098 | D:13     | Killed Azrael
 31277 | D:13     | Noticed Nessos
 31285 | D:13     | Killed Nessos
 31297 | D:13     | Paralysed by a floating eye for 4 turns
 31343 | D:13     | Noticed Josephine
 31354 | D:13     | Killed Josephine
 31472 | D:13     | Reached skill level 16 in Evocations
 31825 | D:13     | Got a twisted dagger
 31826 | D:13     | Identified the +3 dagger of Greed {holy, rF+ rN+ Will+
                  | Int-3} (You found it on level 13 of the Dungeon)
 31937 | D:13     | Noticed Snorg
 32096 | D:13     | Killed Snorg
 32221 | D:13     | You fall into a shaft and drop 2 floors!
 32221 | D:15     | Entered Level 15 of the Dungeon
 32282 | D:15     | Found a frozen archway.
 32297 | D:15     | Reached XP level 16. HP: 136/143 MP: 16/16
 32402 | IceCv    | Entered an ice cave
 32964 | IceCv    | Found an ancient bone altar of Kikubaaqudgha.
 33548 | D:15     | Got a vibrating tin ring
 33549 | D:15     | Identified the ring "Lurphauc" {rC+ MP+9 Stlth+} (You found
                  | it on level 15 of the Dungeon)
 33634 | D:15     | Found Xynih's Serpentskin Sales.
 34103 | D:15     | Noticed Kirke
 34212 | D:15     | Killed Kirke
 34346 | D:15     | Found a staircase to the Depths.
 34977 | D:13     | Found a gate to the Vaults.
 36198 | D:14     | Reached skill level 17 in Evocations
 36897 | D:14     | Found Diligh's Armour Shoppe.
 37279 | D:11     | Paralysed by a hornet for 2 turns
 38701 | Swamp:1  | You fall into a shaft and drop 1 floor!
 39588 | Swamp:2  | Reached XP level 17. HP: 152/152 MP: 17/17
 41372 | Swamp:4  | Entered Level 4 of the Swamp
 42397 | Swamp:4  | Reached skill level 18 in Evocations
 42906 | Swamp:4  | Noticed the 27-headed Lernaean hydra
 43469 | Swamp:4  | Killed the 27-headed Lernaean hydra
 43485 | Swamp:4  | Reached skill level 10 in Dodging
 43731 | Swamp:4  | Got a decaying rune of Zot
 44751 | Orc:1    | Entered Level 1 of the Orcish Mines
 45045 | Orc:2    | Entered Level 2 of the Orcish Mines
 45306 | Orc:2    | Found a staircase to the Elven Halls.
 45395 | Orc:2    | Found Epyam's Armour Shop.
 45404 | Orc:2    | Bought the +1 pair of gloves of Jeschis {Str+9} for 531
                  | gold pieces
 45463 | Orc:2    | Found a roughly hewn altar of Beogh.
 45509 | Orc:2    | Found Cuom's Armour Shop.
 45509 | Orc:2    | Found Halot's Distillery.
 45589 | Orc:2    | Bought a potion of berserk rage for 65 gold pieces
 45642 | Orc:2    | Found a roughly hewn altar of Beogh.
 45793 | Orc:1    | You fall into a shaft and drop 1 floor!
 45868 | Orc:1    | Reached skill level 15 in Fighting
 46245 | Orc:1    | Found a roughly hewn altar of Beogh.
 46251 | Orc:1    | Found a roughly hewn altar of Beogh.
 46789 | Orc:2    | Found Testesoar's Gadget Shoppe.
 46819 | Orc:2    | Bought a wand of disintegration (14) for 288 gold pieces
 46819 | Orc:2    | Bought a wand of disintegration (14) for 288 gold pieces
 47082 | Spider:1 | Entered Level 1 of the Spider Nest
 47084 | Spider:1 | Noticed Jorgrun
 47097 | Lair:3   | Reached skill level 10 in Shields
 47643 | Lair:3   | Killed from afar by Jorgrun

Illustrated notes

Levels and vault maps discovered:
D:1:      co_arrival_random_square_maze, layout_loops_ring
D:2:      layout_rooms, bloody_makhleb, kennysheep_generic_room_7
D:3:      layout_loops_ring, hellmonk_ghost_happy_afterlife,
          wad_floor_pattern_untrapped, kennysheep_generic_room_12, uniq_jessica,
          uniq_ijyb, uniq_robin, uniq_natasha, uniq_terence
D:4:      layout_rooms, gammafunk_ghost_icy, uniq_eustachio
D:5:      layout_basic
D:6:      layout_cave_pools, grunt_temple_overflow_diamond,
          ebering_dispersal_statue_hall, grunt_decor_clamped,
          cheibriados_altar_1, uniq_menkaure
D:7:      layout_basic, minmay_temple_entry_junction,
          kennysheep_opposing_triangles, uniq_maggie
D:8:      layout_loops_corners, gammafunk_temple_overflow_pools, serial_shops,
          shop_statue
D:9:      layout_loops_corners, lair_entry_dummy, enter_bailey_2,
          nicolae_ru_awakened_eye, uniq_erolcha, uniq_maurice
D:10:     layout_roguey, minivault_22, kennysheep_generic_room_16
D:11:     minmay_the_grid_triangle_9x9_recursive_3_mashed
          [minmay_the_grid_triangle_9x9_intruding_spiral,
          minmay_the_grid_triangle_9x9_fully_insulated_deathbox,
          minmay_the_grid_triangle_9x9_sprig,
          minmay_the_grid_triangle_9x9_prize_center,
          minmay_the_grid_triangle_9x9_cache,
          minmay_the_grid_triangle_9x9_checkered,
          minmay_the_grid_triangle_9x9_sparse_checkered,
          minmay_the_grid_triangle_9x9_wacky_v,
          minmay_the_grid_triangle_9x9_tough_junction], layout_loops_cross,
          serial_shops, shop
D:12:     hangedman_cross_cluster, layout_rooms, uniq_frances
D:13:     lemuel_troll_bridge, layout_stronghold, grunt_vaults_entry_fortified,
          minmay_evil_grid, uniq_azrael, uniq_snorg, uniq_nessos, uniq_josephine
D:14:     layout_cross, hangedman_abyss_or_decor_lesser_grid, serial_shops,
          shop_fountains
D:15:     grunt_enter_depths_hoard, layout_gridville,
          portal_ice_cave_entry_pillars_2, guppyfry_shop_venom, uniq_kirke
Lair:1:   layout_cave_pods, grunt_megastairs_5, uniq_erica
Lair:2:   layout_roguey [special_room_bee], serial_bayou, serial_bayou_pond_e,
          serial_bayou_pond_b, serial_bayou_pond_b, lemuel_fruit_tree,
          infiniplex_staircase_pool, uniq_urug, uniq_gastronok
Lair:3:   layout_long_grid, nicolae_spider_entry_non_spiders,
          grunt_megastairs_4, minmay_lair_oklob_chamber
Lair:4:   mu_elephants_graveyard, layout_regular_city,
          skrybe_swamp_entry_bodies, lemuel_fruit_fields
Lair:5:   layout_cave_pods, nicolae_slime_entry_slimehenge
Lair:6:   evilmike_catoblepas_cave, layout_regular_city,
          gammafunk_ghost_cemetery
Swamp:1:  layout_falls_marsh, nicolae_swamp_dense_foliage, hangedman_swamp_pad
Swamp:2:  layout_basic_swamp, serial_swamp_ruin, evilmike_swamp_ruin_rubble_2,
          evilmike_swamp_ruin_rubble_1, evilmike_swamp_ruin_house_3
Swamp:3:  layout_basic_swamp, evilmike_swamp_ruin_wall, swamp_pool1,
          nicolae_swamp_very_dense_foliage
Swamp:4:  swamp_old_school, layout_basic_swamp
Spider:1: layout_spider_delve, uniq_jorgrun
Orc:1:    layout_diamond_mine, basic_altar, mines2_david
Orc:2:    st_orc_town, layout_diamond_mine, basic_altar

Skill      XL: |  1  2  3  4  5  6  7  8  9 10 11 12 13 14 15 16 17 |
---------------+----------------------------------------------------+-----
Long Blades    | 3 4 5 6 7 9 11 12 | 12.6
Fighting       | 4 5 6 7 9 10 11 12 13 14 15 | 15.2
Stealth        | 2 4 |  4.0
Short Blades   | 5 |  5.6
Staves         | 5 8 11 12 | 12.0
Dodging        | 4 6 7 9 10 | 10.7
Evocations     | 4 7 11 14 16 17 18 | 18.0
Shields        | 6 8 10 | 10.1

Action                   |  1- 3 |  4- 6 |  7- 9 | 10-12 | 13-15 | 16-18 || total
-------------------------+-------+-------+-------+-------+-------+-------++-------
Melee: Long sword        |   118 |   145 |       |     1 |       |       ||   264
       Tailslap          |    14 |    33 |    59 |   133 |   299 |   233 ||   771
       Dagger            |       |    42 |   312 |   543 |   100 |     8 ||  1005
       Scimitar          |       |       |       |   121 |       |       ||   121
       Staff             |       |       |       |    92 |  1245 |  1322 ||  2659
 Fire: Fustibalus        |       |       |       |    86 |       |     5 ||    91
Throw: Stone             |       |       |     1 |       |       |       ||     1
Invok: Lunge             |       |       |    16 |    47 |    52 |    66 ||   181
       Whirlwind         |       |       |       |     8 |    92 |    73 ||   173
       Serpent's Lash    |       |       |       |     1 |       |       ||     1
 Abil: Breathe Noxious F |       |       |    14 |    36 |    18 |     4 ||    72
       Evoke Flight      |       |       |       |     3 |       |     1 ||     4
       Wall Jump         |       |       |       |       |       |     1 ||     1
Evoke: Wand              |       |     2 |       |     2 |     3 |     3 ||    10
       Condenser vane    |       |       |       |       |       |     2 ||     2
       Phantom mirror    |       |       |       |       |       |     1 ||     1
  Use: Potion            |     1 |     2 |       |     7 |     1 |     1 ||    12
       Scroll            |       |     3 |     2 |    16 |    11 |     7 ||    39
 Stab: Paralysed         |       |     2 |       |       |       |     3 ||     5
       Confused          |       |       |     5 |    27 |    11 |     2 ||    45
       Sleeping          |       |       |     5 |    14 |    18 |    15 ||    52
       Distracted        |       |       |       |     2 |     3 |     3 ||     8
Armor: Skin              |    32 |    65 |    69 |   166 |   311 |   387 ||  1030
Dodge: Dodged            |    42 |    67 |    91 |   231 |   388 |   547 ||  1366
Block: Kite shield       |    47 |    92 |   118 |   314 |   426 |   622 ||  1619
       Rpst.: Long sword |    14 |    13 |       |       |       |       ||    27
       Scimitar          |       |       |       |    16 |       |       ||    16

Table legend: (Time is in decaauts)
 A = Elapsed time spent in this place.
 B = Non-inter-level travel time spent in this place.
 C = Inter-level travel time spent in this place.
 D = Time resting spent in this place.
 E = Time spent auto-exploring this place.
 F = Levels seen in this place.
 G = Mean time per level.
                   A        B        C        D        E       F      G
               +--------+--------+--------+--------+--------+-----+--------+
         Total |  47111 |  43276 |   3835 |  15422 |  19456 |  30 | 1570.4 |
       Dungeon |  21363 |  19369 |   1994 |   5521 |  10211 |  15 | 1424.2 |
          Lair |  16070 |  14637 |   1433 |   6877 |   4947 |   6 | 2678.3 |
         Swamp |   6122 |   5801 |    321 |   2004 |   2941 |   4 | 1530.5 |
   Spider Nest |     15 |     15 |      0 |      0 |      0 |   1 |   15.0 |
  Orcish Mines |   2077 |   1990 |     87 |    486 |   1120 |   2 | 1038.5 |
        Bailey |    505 |    505 |      0 |     21 |     43 |   1 |  505.0 |
      Ice Cave |    957 |    957 |      0 |    512 |    193 |   1 |  957.0 |
               +--------+--------+--------+--------+--------+-----+--------+

Top non-repeatable levels by time:
  Lair:3: 3863 daAuts
  Lair:4: 3436 daAuts
  Lair:1: 3066 daAuts
  Lair:6: 2762 daAuts
    D:13: 2499 daAuts
     D:3: 2181 daAuts
    D:11: 2144 daAuts
     D:9: 2074 daAuts
 Swamp:3: 1787 daAuts
 Swamp:4: 1737 daAuts
    D:15: 1569 daAuts
  Lair:2: 1490 daAuts
 Swamp:1: 1474 daAuts
    D:12: 1464 daAuts
  Lair:5: 1452 daAuts
